 Dungeon Crawl Stone Soup version 0.25-a0-482-g9b3b753f3f (webtiles) character file.

Game seed: 1697559267760128951, levelgen mode: deterministic

37 ReteAZ the Magician (level 3, -2/28 HPs)
             Began as a Gnoll Wanderer on Feb 10, 2020.
             Slain by an adder (4 damage)
             ... on level 2 of the Dungeon.
             The game lasted 00:02:15 (1507 turns).

ReteAZ the Magician (Gnoll Wanderer)                Turns: 1507, Time: 00:02:15

Health: -2/28      AC:  2    Str: 11    XL:     3   Next: 39%
Magic:  11/11      EV: 11    Int: 17    God:
Gold:   60         SH:  0    Dex: 15    Spells: 15/16 levels left

rFire    . . .     SeeInvis .   e - +0 short sword
rCold    . . .     Gourm    .   (no shield)
rNeg     . . .     Faith    .   d - +0 robe
rPois    .         Spirit   .   (no helmet)
rElec    .         Reflect  .   (no cloak)
rCorr    .         Harm     .   (no gloves)
MR       .....                  (no boots)
Stlth    +++.......             (no amulet)
HPRegen  0.09/turn              b - ring of stealth
MPRegen  0.12/turn              (no ring)

@: lethally poisoned (-2 -> -8)
A: distributed training, fangs 1, strong nose
a: no special abilities


You were on level 2 of the Dungeon.
You were not hungry.

You visited 1 branch of the dungeon, and saw 2 of its levels.

You collected 60 gold pieces.

Inventory:

Hand Weapons
 a - a +0 dagger
 e - a +0 short sword (weapon)
Armour
 d - a +0 robe (worn)
Jewellery
 b - a ring of stealth (left hand)
 i - a cursed amulet of magic regeneration {unknown}
 m - an uncursed ring of resist corrosion {unknown}
Scrolls
 h - a scroll of identify {unknown}
 j - a scroll of enchant armour {unknown}
 k - a scroll of fear {unknown}
 l - 2 scrolls of fog {unknown}
Potions
 c - a potion of curing
 n - a potion of agility {unknown}
Comestibles
 f - 3 rations
 g - a chunk of flesh


   Skills:
 + Level 2.6 Fighting
 + Level 0.7 Short Blades
 + Level 0.7 Long Blades
 + Level 0.7 Axes
 + Level 2.6 Maces & Flails
 + Level 0.7 Polearms
 + Level 0.7 Staves
 + Level 0.7 Slings
 + Level 0.7 Bows
 + Level 0.7 Crossbows
 + Level 0.7 Throwing
 + Level 2.6 Armour
 + Level 0.7 Dodging
 + Level 2.3 Stealth
 + Level 2.6 Shields
 + Level 0.7 Unarmed Combat
 + Level 7.1 Spellcasting
 + Level 0.5 Conjurations
 + Level 0.5 Hexes
 + Level 0.5 Charms
 + Level 2.1 Summonings
 + Level 0.5 Necromancy
 + Level 0.5 Translocations
 + Level 0.5 Transmutations
 + Level 0.5 Fire Magic
 + Level 0.5 Ice Magic
 + Level 2.1 Air Magic
 + Level 0.5 Earth Magic
 + Level 0.5 Poison Magic
 + Level 0.9 Invocations
 + Level 0.7 Evocations


You had 15 spell levels left.
You knew the following spells:

 Your Spells              Type           Power        Failure   Level  Hunger
a - Magic Dart            Conj           #...         10%         1    None

Your spell library contained the following spells:

 Spells                   Type           Power        Failure   Level  Hunger
 Call Imp                 Summ           ##......     7%          2    None
 Corpse Rot               Necr/Air       N/A          10%         2    None
 Blink                    Tloc           N/A          14%         2    None
 Slow                     Hex            #.......     14%         2    None
 Sublimation of Blood     Necr           #.........   14%         2    None
 Mephitic Cloud           Conj/Pois/Air  #.......     22%         3    ##.....
 Conjure Flame            Conj/Fire      #.......     28%         3    ##.....


Dungeon Overview and Level Annotations

Branches:
Dungeon (2/15)

Altars:


Innate Abilities, Weirdness & Mutations

Your experience applies equally to all skills.
You have very sharp teeth.
Your uncanny sense of smell can sniff out nearby items.


Message History

* * * LOW HITPOINT WARNING * * *
The adder bites you.
* * * LOW HITPOINT WARNING * * *
You are lethally poisoned!
The adder poisons you!
You hit the adder.
The adder is almost dead.
* * * LOW HITPOINT WARNING * * *
You feel sick. The adder closely misses you. The rat bites you.
* * * LOW HITPOINT WARNING * * *
You barely miss the adder.
The adder is almost dead.
The adder closely misses you. The rat closely misses you.
You hit the adder.
The adder is almost dead.
* * * LOW HITPOINT WARNING * * *
You feel sick.
A bat comes into view.
The adder barely misses you. The rat barely misses you. The adder bites you.
You die...

#.. ... ..###.. #..#..#
#.....# . ###.....## .
.........# .#
......r.S##.# .##
.......@....### .##....
.....$........# ....#...
..........#.#.##>.##....
#######.......##.....#..
#<.......#...# #(.
#............# #..
###......#.>..#####.#
#......รท.........##.#
#.......(...........#


You could see an adder and a rat.

Vanquished Creatures
  An ooze (D:1)
  2 leopard geckos (D:1)
  A ball python (D:1)
  5 bats (D:1)
  A giant cockroach (D:1)
  3 goblins (D:1)
  3 hobgoblins (D:1)
  4 jackals
  A frilled lizard (D:1)
  3 kobolds
  4 rats
28 creatures vanquished.

Notes
Turn   | Place    | Note
-------+----------+-------------------------------------------
     0 | D:1      | ReteAZ the Gnoll Wanderer began the quest for the Orb.
     0 | D:1      | ReteAZ set off with the following items: a +0 dagger, a
                  | potion of curing, a +0 robe, a ration; and the following
                  | spell memorised: Magic Dart; and the following spells
                  | available to memorise: Call Imp, Corpse Rot, Blink, Slow,
                  | Sublimation of Blood, Mephitic Cloud, Conjure Flame
     0 | D:1      | Reached XP level 1. HP: 17/17 MP: 8/8
   199 | D:1      | Reached XP level 2. HP: 23/23 MP: 10/10
   550 | D:1      | Reached XP level 3. HP: 15/28 MP: 11/11
  1507 | D:2      | Slain by an adder

Levels and vault maps discovered:
D:1:      giann_forest_graveyard, layout_basic, serial_forest,
          infiniplex_forest_clump_double, infiniplex_forest_clump_diagonal,
          infiniplex_forest_clump_diagonal, infiniplex_forest_join,
          infiniplex_forest_clump_small, infiniplex_forest_straight_2,
          infiniplex_forest_clump_cross, grunt_decor_one_mirror, feat_on_display
D:2:      minmay_wonky_spiral, layout_rooms, lemuel_doored_altar,
          nicolae_overflow_crystal_walls

Skill      XL: |  1 |
---------------+----+-----
Summonings     | 2 |  2.1
Air Magic      | 2 |  2.1
Fighting       | |  2.6
Short Blades   | |  0.7
Long Blades    | |  0.7
Axes           | |  0.7
Maces & Flails | |  2.6
Polearms       | |  0.7
Staves         | |  0.7
Slings         | |  0.7
Bows           | |  0.7
Crossbows      | |  0.7
Throwing       | |  0.7
Armour         | |  2.6
Dodging        | |  0.7
Stealth        | |  2.3
Shields        | |  2.6
Unarmed Combat | |  0.7
Spellcasting   | |  7.1
Conjurations   | |  0.5
Hexes          | |  0.5
Charms         | |  0.5
Necromancy     | |  0.5
Translocations | |  0.5
Transmutations | |  0.5
Fire Magic     | |  0.5
Ice Magic      | |  0.5
Earth Magic    | |  0.5
Poison Magic   | |  0.5
Invocations    | |  0.9
Evocations     | |  0.7

Action                   || total
-------------------------++-------
Melee: Dagger            ||    13
       Short sword       ||    89
       Bite              ||    10
 Stab: Sleeping          ||    11
  Eat: Chunk             ||     2
Armor: Robe              ||    28
Dodge: Dodged            ||    92

Table legend:
 A = Non-vault XP
 B = Vault XP
 C = Vault XP percentage of total XP
 D = Non-vault monster count
 E = Vault monster count
 F = Vault count percentage of total count
                 A         B        C        D         E       F
            +---------+---------+-------+---------+---------+-------
      Total |      53 |       0 |   0.0 |      28 |       0 |   0.0
            +---------+---------+-------+---------+---------+-------
        D:1 |      44 |       0 |   0.0 |      22 |       0 |   0.0
        D:2 |       9 |       0 |   0.0 |       6 |       0 |   0.0
            +---------+---------+-------+---------+---------+-------
